 Dungeon Crawl Stone Soup version 0.23-a0-577-g2b1de94 (webtiles) character file.

401 Inarius the Cleaver (level 6, 0/53 HPs)
             Began as a Hill Orc Chaos Knight on Dec 15, 2018.
             Was a Plaything of Xom.
             Slain by Pikel
             ... wielding a +0 whip of flaming
              (3 damage)
             ... on level 3 of the Dungeon.
             The game lasted 00:06:14 (3609 turns).

Inarius the Cleaver (Hill Orc Chaos Knight)         Turns: 3609, Time: 00:06:14

Health: 0/53       AC:  7    Str: 16 (19) XL:     6   Next: 85%
Magic:  6/6        EV: 15    Int: 12 (14) God:    Xom [.....*]
Gold:   186        SH:  0    Dex: 10 (15) Spells: 5/5 levels left

rFire    + . .     SeeInvis .   a - +0 hand axe (chaos)
rCold    . . .     Gourm    .   (no shield)
rNeg     . . .     Faith    .   t - +0 scale mail
rPois    +         Spirit   .   (no helmet)
rElec    .         Reflect  .   (no cloak)
rCorr    .         Harm     .   l - +0 pair of gloves
MR       .....                  (no boots)
Stlth    +.........             (no amulet)
HPRegen  0.17/turn              p - ring of wizardry
MPRegen  0.10/turn              (no ring)

@: agile, very slightly contaminated, hasted, invisible (expiring), very quick
A: clever 1, fire resistance 1, poison resistance, strong 1
a: Renounce Religion


You were on level 3 of the Dungeon.
You worshipped Xom.
You were Xom's teddy bear.
You were not hungry.

You visited 1 branch of the dungeon, and saw 4 of its levels.

You collected 186 gold pieces.

Inventory:

Hand Weapons
 a - a +0 hand axe of chaos (weapon)
 h - a +1 whip of electrocution
Armour
 l - a +0 pair of gloves (worn)
 t - a +0 scale mail (worn)
Jewellery
 p - a ring of wizardry (left hand)
Scrolls
 d - a scroll of identify
 f - 2 scrolls of random uselessness
 m - a scroll of amnesia
Potions
 q - a potion of flight
Miscellaneous
 u - a sack of spiders
Comestibles
 c - 9 rations
 i - a chunk of flesh


   Skills:
 + Level 4.7 Fighting
 * Level 8.1 Axes
 + Level 3.1 Armour
 + Level 2.0 Dodging
 * Level 0.3 Evocations


You had 5 spell levels left.
You didn't know any spells.
Your spell library contained the following spells:

 Spells                   Type           Power        Failure   Level  Hunger
 Beastly Appendage        Tmut           #.....       41%         1    ##.....
 Sticks to Snakes         Tmut           #.......     54%         2    ###....
 Spider Form              Tmut/Pois      #.........   77%         3    ####...
 Ice Form                 Ice/Tmut       #.......     98%         4    #####..
 Blade Hands              Tmut           #.........   100%        5    ######.


Dungeon Overview and Level Annotations

Branches:
Dungeon (4/15)
 Temple: D:4-7

Altars:
The Shining One

Annotations:
D:3 Pikel


Innate Abilities, Weirdness & Mutations

Your mind is acute. (Int +2)
Your flesh is heat resistant. (rF+)
Your system is resistant to poisons. (rPois)
Your muscles are strong. (Str +2)


Message History

It is a scroll of amnesia.
You feel forgetful for a moment.
Okay, then.
As you read the scroll labeled MOFOYKH ZOXILO, it crumbles to dust.
You feel blessed for a moment.
It was a scroll of remove curse.
Something hits you but does no damage.
As you read the scroll labeled JUHAQ VIL QAD, it crumbles to dust.
You hear a loud clanging noise!
It was a scroll of noise.
Something hits you.
* * * LOW HITPOINT WARNING * * *
Okay, then.
Okay, then.
You feel agile all of a sudden.
Your scale mail prevents you from hitting something.
Something hits you but does no damage.
You miss something. Something hits you but does no damage.
You hit something. You closely miss something. Something hits you.
You die... "What!?
That's it?"

#.# #.# #รท#
######### #.#
####.......# #.#
...........# #.#
...........# #.#
...........###.###
...............{@#
...........##..###
####.......##..#
#######.##..# ####
#.##..###########
...#
#.##..#.........#
##.####
#.##..#########.#####
......# #.##..#
#.....# ......#
#.##..# #.###.#


There were no monsters in sight!

Vanquished Creatures
  An orc priest (D:3)
  3 orc wizards (D:4)
  Jessica (D:3)
  An iguana (D:4)
  A worker ant (D:4)
  11 adders
  3 oozes
  2 worms (D:3)
  2 dart slugs (D:2)
  2 leopard geckos
  11 orcs
  2 giant cockroaches
  8 goblins
  8 hobgoblins
  2 quokkas (D:3)
  11 bats
  2 frilled lizards
  9 kobolds
  8 rats
88 creatures vanquished.

Notes
Turn   | Place    | Note
-------+----------+-------------------------------------------
     0 | D:1      | Inarius the Hill Orc Chaos Knight began the quest for the
                  | Orb.
     0 | D:1      | Reached XP level 1. HP: 19/19 MP: 1/1
     0 | D:1      | Noticed a spriggan
     0 | D:1      | Noticed a troll
     1 | D:1      | Noticed a spriggan
     3 | D:1      | Noticed an octopode
     3 | D:1      | Noticed a dwarf
     5 | D:1      | Noticed a troll
     6 | D:1      | Noticed a draconian
     7 | D:1      | Noticed an elf
    10 | D:1      | Noticed an elf
    12 | D:1      | Noticed a formicid
    12 | D:1      | Noticed a dwarf
    14 | D:1      | Noticed a troll
    14 | D:1      | Noticed a dwarf
    16 | D:1      | Noticed a troll
    16 | D:1      | Noticed an octopode
    18 | D:1      | Noticed a dwarf
    20 | D:1      | Noticed a ghoul
    68 | D:1      | Reached skill level 1 in Dodging
    85 | D:1      | Reached XP level 2. HP: 16/27 MP: 2/2
   414 | D:1      | XOM: divination: detect creatures
   540 | D:1      | Reached XP level 3. HP: 33/33 MP: 3/3
   978 | D:2      | Found a faded altar of an unknown god.
  1093 | D:2      | Reached skill level 5 in Axes
  1093 | D:2      | Reached XP level 4. HP: 25/40 MP: 4/4
  1302 | D:2      | XOM: noise
  1385 | D:2      | Found a glowing golden altar of the Shining One.
  1558 | D:2      | XOM: cloud trail
  2000 | D:3      | Reached skill level 6 in Axes
  2313 | D:3      | Reached XP level 5. HP: 46/47 MP: 5/5
  2596 | D:3      | XOM: medium Erth miscast
  2618 | D:3      | Noticed Jessica
  2625 | D:3      | Killed Jessica
  2933 | D:3      | XOM: severe Pois miscast
  2978 | D:4      | Reached skill level 7 in Axes
  2980 | D:4      | XOM: harmless Hex miscast
  3145 | D:3      | Reached XP level 6. HP: 49/53 MP: 6/6
  3200 | D:4      | XOM: confusion (+ monsters)
  3280 | D:4      | XOM: divination: detect creatures
  3285 | D:4      | XOM: give mutations
  3285 | D:4      | Gained mutation: Your system is resistant to poisons.
                  | (rPois) [Xom's grace]
  3285 | D:4      | Gained mutation: Your mind is acute. (Int +2) [Xom's grace]
  3285 | D:4      | Gained mutation: Your muscles are strong. (Str +2) [Xom's
                  | grace]
  3285 | D:4      | Gained mutation: Your flesh is heat resistant. (rF+) [Xom's
                  | grace]
  3323 | D:4      | XOM: god gift: 52 gold pieces
  3514 | D:4      | XOM: god gift: sack of spiders
  3553 | D:4      | Reached skill level 8 in Axes
  3553 | D:4      | Noticed Pikel
  3558 | D:4      | Noticed a slave
  3604 | D:3      | HP: 2/53 [something (1)]
  3609 | D:3      | Slain by Pikel

Vault maps used:
D:1:      shiori_arrival_whats_in_store_for_you, roderic_filled_cross,
          roderic_three_in_a_row
D:2:      nicolae_overflow_hidden_temple, tso_metal_star,
          chequers_ecumenical_altar_island, minmay_door_square
D:3:      first_ration, uniq_jessica
D:4:      lemuel_coloured_pillars_altar, cheibrodos_gnoll_hut, uniq_pikel,
          uniq_eustachio

Skill      XL: |  1  2  3  4  5  6 |
---------------+-------------------+-----
Dodging        | 1 2 |  2.0
Fighting       | 4 |  4.7
Axes           | 5 6 7 8 |  8.1
Armour         | 3 |  3.1
Evocations     | |  0.3

Action                   |  1- 3 |  4- 6 || total
-------------------------+-------+-------++-------
Melee: Hand axe          |    98 |   208 ||   306
  Use: Potion            |       |     9 ||     9
       Scroll            |       |     4 ||     4
 Stab: Sleeping          |     1 |       ||     1
       Petrified         |       |     5 ||     5
       Paralysed         |       |     2 ||     2
  Eat: Chunk             |     1 |     8 ||     9
Armor: Leather armour    |    45 |    51 ||    96
       Scale mail        |       |    26 ||    26
Dodge: Dodged            |    70 |   107 ||   177

Table legend:
 A = Non-vault XP
 B = Vault XP
 C = Vault XP percentage of total XP
 D = Non-vault monster count
 E = Vault monster count
 F = Vault count percentage of total count
                 A         B        C        D         E       F
            +---------+---------+-------+---------+---------+-------
      Total |     536 |      37 |   6.5 |      87 |       1 |   1.1
            +---------+---------+-------+---------+---------+-------
        D:1 |      45 |       0 |   0.0 |      25 |       0 |   0.0
        D:2 |      43 |       0 |   0.0 |      15 |       0 |   0.0
        D:3 |     204 |      37 |  15.4 |      30 |       1 |   3.2
        D:4 |     244 |       0 |   0.0 |      17 |       0 |   0.0
            +---------+---------+-------+---------+---------+-------
